 Dungeon Crawl Stone Soup version 0.29-a0-341-g24ffce5b50 (webtiles) character file.

Game seed: 6150242077244083259

225 spaghetti the Covert (level 6, 0/60 HPs)
             Began as a Naga Delver on Apr 20, 2022.
             Succumbed to a water moccasin's poison
             ... on level 6 of the Dungeon.
             The game lasted 00:02:24 (631 turns).

spaghetti the Covert (Naga Delver)                   Turns: 631, Time: 00:02:24

Health: 0/60       AC:  4    Str: 14    XL:     6   Next: 1%
Magic:  6/6        EV:  9    Int: 13    God:
Gold:   10         SH:  0    Dex: 12    Spells: 5/5 levels left

rFire   . . .      SeeInvis +   j - +0 scimitar (holy) {long}
rCold   . . .      Faith    .   (no shield)
rNeg    . . .      Spirit   .   b - +1 leather armour
rPois   +          Reflect  .   (no helmet)
rElec   .          Harm     .   (no cloak)
rCorr   .          Rampage  .   (no gloves)
Will    .....                   (no barding)
Stlth   ++++......              (no amulet)
HPRegen 0.20/turn               (no ring)
MPRegen 0.10/turn               (no ring)

@: lethally poisoned (0 -> -10), short of breath, hasted, quick
A: AC +2, large, see invisible, deformed body, poison resistance, slowness 2,
spit poison 1, naga tail 1
a: Spit Poison


You were on level 6 of the Dungeon.
You visited 1 branch of the dungeon, and saw 3 of its levels.

You collected 10 gold pieces.


Innate Abilities, Weirdness & Mutations

Your serpentine skin is tough. (AC +2)
You have supernaturally acute eyesight. (SInv)
Armour fits poorly on your strangely shaped body.
Your system is resistant to poisons. (rPois)
You cover ground very slowly.
You can spit poison.
You have a snake-like lower body.


   Skills:
 + Level 4.8 Fighting
 - Level 2.0 Maces & Flails
 - Level 1.5 Dodging
 - Level 9.9 Stealth


You had 5 spell levels left.
You didn't know any spells.
Your spell library was empty.

Inventory:

Hand Weapons
 a - a +0 mace {mace}
 j - a +0 scimitar of holy wrath (weapon) {long}
   (You found it on level 6 of the Dungeon)
Missiles
 i - 4 poisoned darts {throwing}
Armour
 b - a +1 leather armour (worn)
Wands
 g - a wand of digging (3)
 h - a wand of flame (12)
   (You took it off a kobold on level 6 of the Dungeon)
Scrolls
 c - a scroll of fog
 d - a scroll of magic mapping {!r}
Potions
 f - a potion of haste {@q3}

Dungeon Overview and Level Annotations

Branches:
Dungeon (6/15)
 Temple: D:4-7

Altars:

.......# ## ..
......########.# ##.
.....####......# .. .
......))..###..
##.####..
####...)...##.#
#.(.(....
#..####.)#.###.......#
#..## ##.)...........#
#..# ##..###S......#
#..# #.###@.......#
...# #.##.........#
#$.h #.##.#.......#
#... #.##.#.......#
..#. ..##.####.####
..##.# .# #.# .# ..#
..#


You could see a water moccasin.


Message History

You throw a poisoned dart {throwing}.
The poisoned dart {throwing} misses the water moccasin.
The water moccasin bites you but does no damage.
Throw: 9 darts (poison) {throwing}
Press: ? - help, Shift-Dir - straight line, f/p - water moccasin
Aim: a water moccasin (moderately wounded, poisoned, 40% to hit)
You throw a poisoned dart {throwing}.
The poisoned dart {throwing} hits the water moccasin.
You have got your breath back.
The water moccasin bites you!
The water moccasin bites you but does no damage. 😮 HP[-8]
You take 8 damage, and now have 31/60 hp.
Aiming: Spit Poison (1% risk of failure)
Press: ? - help, Shift-Dir - straight line, f/p - water moccasin
Aim: a water moccasin (moderately wounded, poisoned, 37% to hit)
The splash of poison misses the water moccasin.
The water moccasin misses you.
Throw: 8 darts (poison) {throwing}
Press: ? - help, Shift-Dir - straight line, f/p - water moccasin
Aim: a water moccasin (moderately wounded, poisoned, 40% to hit)
You throw a poisoned dart {throwing}.
The poisoned dart {throwing} barely misses the water moccasin.
The water moccasin misses you. The water moccasin bites you.
* * * LOW HITPOINT WARNING * * *
😨 HP[-5]
You take 5 damage, and now have 26/60 hp.
Throw: 7 darts (poison) {throwing}
Press: ? - help, Shift-Dir - straight line, f/p - water moccasin
Aim: a water moccasin (moderately wounded, poisoned, 40% to hit)
You throw a poisoned dart {throwing}.
The poisoned dart {throwing} misses the water moccasin.
The water moccasin looks more healthy.
The water moccasin bites you but does no damage.
Throw: 6 darts (poison) {throwing}
Press: ? - help, Shift-Dir - straight line, f/p - water moccasin
Aim: a water moccasin (moderately wounded, 40% to hit)
You throw a poisoned dart {throwing}.
The poisoned dart {throwing} closely misses the water moccasin.
The water moccasin bites you.
* * * LOW HITPOINT WARNING * * *
😨 HP[-4]
You take 4 damage, and now have 22/60 hp.
You can't do that yet.
Unknown command.
Throw: 5 darts (poison) {throwing}
Press: ? - help, Shift-Dir - straight line, f/p - water moccasin
Aim: a water moccasin (moderately wounded, 40% to hit)
You throw a poisoned dart {throwing}.
The poisoned dart {throwing} hits the water moccasin.
The water moccasin barely misses you. The water moccasin bites you!
* * * LOW HITPOINT WARNING * * *
You are lethally poisoned!
The water moccasin poisons you! 😱 HP[-7]
You take 7 damage, and now have 15/60 hp.
Unknown command.
You feel yourself speed up.
You have got your breath back.
* * * LOW HITPOINT WARNING * * *
You feel very sick. The water moccasin bites you.
* * * LOW HITPOINT WARNING * * *
😱 HP[-5]
You take 5 damage, and now have 10/60 hp.
Unknown command.
You are lethally poisoned (10 -> -4).
Your actions are hasted.
Your movement speed is quick.
Your attack delay is about 0.9.
Okay, then.
Aiming: Spit Poison (1% risk of failure)
Press: ? - help, Q - select action, (/) - cycle Shift-Dir - straight line, f/p - water moccasin
Aim: a water moccasin (moderately wounded, 37% to hit)
The splash of poison misses the water moccasin.
* * * LOW HITPOINT WARNING * * *
You feel very sick.
The water moccasin closely misses you. 😱 HP[-2]
You take 2 damage, and now have 8/60 hp.
Unknown command.
Unknown command.
Are you sure you want to abandon this character and quit the game? (Confirm with "yes".)
Okay, then.
Unknown command.
Unknown command.
Unknown command.
Aiming: Throw Flame
Press: ? - help, Shift-Dir - straight line, f/p - water moccasin
Aim: a water moccasin (moderately wounded, 48% to hit)
The puff of flame hits the water moccasin.
* * * LOW HITPOINT WARNING * * *
You feel sick. The water moccasin bites you.
* * * LOW HITPOINT WARNING * * *
😱 HP[-7]
You take 7 damage, and now have 1/60 hp.
Aiming: Throw Flame
Press: ? - help, Shift-Dir - straight line, f/p - water moccasin
Aim: a water moccasin (heavily wounded, 48% to hit)
The puff of flame hits the water moccasin.
You die...

Skill      XL: |  1  2  3  4 |
---------------+-------------+-----
Stealth        | 8 9 |  9.9
Fighting       | 4 |  4.8
Maces & Flails | |  2.0
Dodging        | |  1.5

Action                   |  1- 3 |  4- 6 || total
-------------------------+-------+-------++-------
Melee: Mace              |     4 |    15 ||    19
       Scimitar          |       |     2 ||     2
Throw: Dart              |     3 |    16 ||    19
 Abil: Spit Poison       |     3 |     9 ||    12
Evoke: Wand              |       |     2 ||     2
  Use: Potion            |       |     4 ||     4
       Scroll            |       |     3 ||     3
Armor: Skin              |       |    20 ||    20
       Leather armour    |       |     6 ||     6
Dodge: Dodged            |     7 |    13 ||    20

Levels and vault maps discovered:
D:4:      layout_loops_ring, elyvilon_altar_1, serial_park_tiny_2, uniq_pikel
D:5:      layout_basic, hangedman_abyss_or_decor_stagger
D:6:      layout_rooms

Notes
Turn   | Place    | Note
-------+----------+-------------------------------------------
     0 | D:5      | spaghetti the Naga Delver began the quest for the Orb.
     0 | D:5      | Reached XP level 1. HP: 21/21 MP: 1/1
     0 | D:5      | magus.rc [v1.9.6]
    34 | D:5      | Noticed an iguana
    56 | D:4      | Noticed a hound
    69 | D:5      | Killed a hound
    70 | D:5      | Reached skill level 8 in Stealth
    70 | D:5      | Reached XP level 2. HP: 12/28 MP: 2/2
    70 | D:5      | Reached XP level 3. HP: 15/34 MP: 3/3
   324 | D:5      | Noticed a scorpion
   330 | D:5      | Killed a scorpion
   331 | D:5      | Reached skill level 9 in Stealth
   331 | D:5      | Reached XP level 4. HP: 42/42 MP: 4/4
   365 | D:6      | Noticed a black bear
   367 | D:6      | Noticed a scorpion
   370 | D:6      | Noticed a kobold brigand
   374 | D:6      | Noticed a water moccasin
   400 | D:6      | Killed a kobold brigand
   401 | D:6      | Reached skill level 4 in Fighting
   401 | D:6      | Reached XP level 5. HP: 34/50 MP: 5/5
   603 | D:6      | Reached XP level 6. HP: 60/60 MP: 6/6
   627 | D:6      | HP: 15/60 [water moccasin (7)]
   630 | D:6      | HP: 6/60 [poisoned by a water moccasin]
   630 | D:6      | HP: 1/60 [water moccasin (5)]
   631 | D:6      | Succumbed to a water moccasin's poison

Vanquished Creatures
  A kobold brigand (D:6)
  2 scorpions
  A hound (D:5)
  5 kobolds (D:6)
9 creatures vanquished.

Table legend:
 A = Non-vault XP
 B = Vault XP
 C = Vault XP percentage of total XP
 D = Non-vault monster count
 E = Vault monster count
 F = Vault count percentage of total count
                 A         B        C        D         E       F
            +---------+---------+-------+---------+---------+-------
      Total |     322 |       0 |   0.0 |       9 |       0 |   0.0
            +---------+---------+-------+---------+---------+-------
        D:5 |     131 |       0 |   0.0 |       2 |       0 |   0.0
        D:6 |     191 |       0 |   0.0 |       7 |       0 |   0.0
            +---------+---------+-------+---------+---------+-------

Illustrated notes

Table legend:
 A = Kills in this place as a percentage of kills in entire the game.
 B = Kills by you in this place as a percentage of kills by you in the entire game.
 C = Kills by friends in this place as a percentage of kills by friends in the entire game.
 D = Other kills in this place as a percentage of other kills in the entire game.
 E = Experience gained in this place as a percentage of experience gained in the entire game.
 F = Experience gained in this place divided by the number of levels of this place that you have seen.
                   A       B       C       D       E      F
               +-------+-------+-------+-------+-------+----------------------
         Total | 100.0 | 100.0 |   N/A |   N/A | 100.0 | 107.3
       Dungeon | 100.0 | 100.0 |   N/A |   N/A | 100.0 | 107.3
               +-------+-------+-------+-------+-------+----------------------

Table legend: (Time is in decaauts)
 A = Elapsed time spent in this place.
 B = Non-inter-level travel time spent in this place.
 C = Inter-level travel time spent in this place.
 D = Time resting spent in this place.
 E = Time spent auto-exploring this place.
 F = Levels seen in this place.
 G = Mean time per level.
                   A        B        C        D        E       F      G
               +--------+--------+--------+--------+--------+-----+--------+
         Total |    703 |    652 |     51 |    337 |    186 |   3 |  234.3 |
       Dungeon |    703 |    652 |     51 |    337 |    186 |   3 |  234.3 |
               +--------+--------+--------+--------+--------+-----+--------+

Top non-repeatable levels by time:
     D:5: 404 daAuts
     D:6: 290 daAuts
     D:4: 9 daAuts
